 Dungeon Crawl Stone Soup version 0.17-a0-2118-g63bad21 (webtiles) character file.

72 Duffy the Conjurer (level 4, 33/33 HPs)
             Began as a Hill Orc Fire Elementalist on Oct 20, 2015.
             Quit the game on level 2 of the Dungeon.
             The game lasted 00:03:25 (1972 turns).

Duffy the Conjurer (Hill Orc Fire Elementalist)     Turns: 1972, Time: 00:03:25

Health: 33/33      AC:  3    Str: 10    XL:     4   Next: 26%
Magic:  16/16      EV: 12    Int: 12    God:
Gold:   47         SH:  0    Dex: 12    Spells: 2 memorised, 3 levels left

rFire  . . .     SeeInvis .     t - -1 hand axe
rCold  . . .     Clarity  .     a - +0 robe
rNeg   . . .     SustAt   .     (no shield)
rPois  .         Gourm    .     (no helmet)
rElec  .         Spirit   .     i - +0 cloak
rCorr  .         Warding  .     (no gloves)
rMut   .         Stasis   .     (no boots)
MR     .....                    (no amulet)
Stlth  ++........               q - -3 ring of intelligence (curse)
                                g - ring of magical power

@: not resistant to hostile enchantments, unstealthy
A: no striking features
a: no special abilities


You were on level 2 of the Dungeon.
You were not hungry.

You visited 1 branch of the dungeon, and saw 2 of its levels.

You collected 47 gold pieces.


   Skills:
 - Level 1.5 Dodging
 - Level 1.5 Stealth
 - Level 2.0 Spellcasting
 + Level 3.6 Conjurations
 - Level 3.2 Fire Magic


You had 3 spell levels left.
You knew the following spells:

 Your Spells              Type           Power        Failure   Level  Hunger
a - Flame Tongue          Conj/Fire      #....        10%         1    ##.....
c - Conjure Flame         Conj/Fire      #.......     24%         3    ####...

Inventory:

Hand Weapons
 j - a +1 dagger of protection
 t - a -1 hand axe (weapon)
Missiles
 e - 26 stones (quivered)
 m - 18 poisoned needles
 o - 47 arrows
 s - 3 sling bullets
Armour
 a - a +0 robe (worn)
 i - a +0 cloak (worn)
Jewellery
 g - a ring of magical power (left hand)
 q - a cursed -3 ring of intelligence (right hand)
Potions
 d - a potion of lignification {unknown}
 f - a potion of haste
 h - 2 potions of curing {unknown}
 l - a potion of brilliance {unknown}
 p - a potion of flight {unknown}
Books
 b - a book of Flames
Comestibles
 c - a bread ration
 k - a chunk of flesh
 n - a meat ration

Dungeon Overview and Level Annotations

Branches:
Dungeon (2/15)

Altars:


Message History

Casting: Flame Tongue
Confirm with . or Enter, or press ? or * to list all spells.
You can't see any susceptible monsters within range! (Use Z to cast anyway.)
Casting: Flame Tongue
Confirm with . or Enter, or press ? or * to list all spells.
You can't see any susceptible monsters within range! (Use Z to cast anyway.)
There is an escape hatch in the floor here.
Casting: Flame Tongue
Confirm with . or Enter, or press ? or * to list all spells.
Aiming: Flame Tongue
Press: ? - help, Shift-Dir - straight line, f - bat
Aim: a bat (resting)
The flame tongue hits the bat.
You kill the bat!
Casting: Flame Tongue
Confirm with . or Enter, or press ? or * to list all spells.
You can't see any susceptible monsters within range! (Use Z to cast anyway.)
Casting: Flame Tongue
Confirm with . or Enter, or press ? or * to list all spells.
You can't see any susceptible monsters within range! (Use Z to cast anyway.)
q - a small coral ring Put on which piece of jewellery? (? for menu, Esc to quit)
You feel stupid.
Oops, that ring feels deathly cold.
q - a cursed -3 ring of intelligence (right hand)
You see here a bat corpse.
You butcher the bat corpse.
k - 3 chunks of flesh (gained 1) Eating one of 3 chunks of flesh.
This raw flesh tastes terrible.
You continue eating. x2
A kobold comes into view.
Some of the chunks of flesh in your inventory have rotted away.
A kobold is nearby!
A kobold is nearby!
Are you sure you want to abandon this character and quit the game? (Confirm with "yes".)

######### ##
#.....K....# #@#
#.####### #.#
#.#...... #.#
#.#.####†
#.########.#.# ##.
#..........#.###..
#.##....>.........
#.##.#####.#.###..
#.##.# #...# ##.
#.##.# #..## #.


You could see a kobold (sleeping).

Action                   |  1- 3 |  4- 6 || total
-------------------------+-------+-------++-------
 Cast: Flame Tongue      |    86 |    13 ||    99
       Conjure Flame     |     2 |       ||     2
  Use: Scroll            |       |     3 ||     3
  Eat: Chunk             |     5 |     1 ||     6

Notes
Turn   | Place    | Note
--------------------------------------------------------------
     0 | D:1      | Duffy the Hill Orc Fire Elementalist began the quest for the Orb.
     0 | D:1      | Reached XP level 1. HP: 14/14 MP: 3/3
   331 | D:1      | Reached skill level 2 in Conjurations
   331 | D:1      | Reached XP level 2. HP: 10/20 MP: 0/4
  1040 | D:1      | Reached XP level 3. HP: 26/26 MP: 4/5
  1181 | D:1      | Learned a level 3 spell: Conjure Flame
  1322 | D:1      | Reached skill level 2 in Spellcasting
  1602 | D:2      | Reached skill level 3 in Conjurations
  1836 | D:2      | Reached XP level 4. HP: 33/33 MP: 7/7
  1972 | D:2      | Quit the game

Vault maps used:
D:1:      saegor_arrival_simple_e, hex_tiny
D:2:      trog_hazing_becter

Vanquished Creatures
  An adder
  An ooze
  3 worms
  2 giant geckos
  5 bats
  4 giant cockroaches
  6 goblins
  A hobgoblin
  3 jackals
  10 kobolds
  A quokka
  11 rats
48 creatures vanquished.
